 Dungeon Crawl Stone Soup version 0.22-a0-42-g002c468 (webtiles) character file.

37 Gorglomux the Covered (level 3, 15/34 HPs)
             Began as a Deep Dwarf Fighter on Jan 5, 2018.
             Quit the game on level 2 of the Dungeon.
             The game lasted 00:01:01 (827 turns).

Gorglomux the Covered (Deep Dwarf Fighter)           Turns: 827, Time: 00:01:02

Health: 15/34      AC:  6    Str: 20    XL:     3   Next: 21%
Magic:  3/3        EV:  8    Int:  8    God:
Gold:   23         SH:  9    Dex: 12    Spells: 2/2 levels left

rFire    . . .     SeeInvis .   a - +0 war axe
rCold    . . .     Gourm    .   c - +0 shield
rNeg     . . .     Faith    .   b - +0 scale mail
rPois    .         Spirit   .   (no helmet)
rElec    .         Reflect  .   (no cloak)
rCorr    .         Harm     .   (no gloves)
MR       .....                  (no boots)
Stlth    ..........             (no amulet)
HPRegen  0.00/turn              (no ring)
MPRegen  0.08/turn              (no ring)

@: non-regenerating
A: damage resistance, heal wounds, sense surroundings 1, no regeneration
a: Heal Wounds


You were on level 2 of the Dungeon.
You were not hungry.

You visited 1 branch of the dungeon, and saw 2 of its levels.

You collected 23 gold pieces.

Inventory:

Hand Weapons
 a - a +0 war axe (weapon)
Armour
 b - a +0 scale mail (worn)
 c - a +0 shield (worn)
Scrolls
 h - a scroll of fear {unknown}
 j - a scroll of identify {unknown}
 l - a scroll of random uselessness {unknown}
 m - a scroll of blinking {unknown}
Potions
 d - a potion of might
 i - a potion of mutation {unknown}
 k - a potion of lignification {unknown}
Comestibles
 f - a ration


   Skills:
 + Level 3.0 Fighting
 + Level 2.7 Axes
 + Level 3.6 Armour
 + Level 1.2 Dodging
 + Level 3.6 Shields


You had 2 spell levels left.
You didn't know any spells.

Dungeon Overview and Level Annotations

Branches:
Dungeon (2/15)

Altars:


Innate Abilities, Weirdness & Mutations

You are resistant to damage.
You can heal yourself by infusing magical energy.
You passively map a small area around you.
You do not regenerate.


Message History

You are too injured to fight recklessly!!!
You are too injured to fight recklessly!!!
You are too injured to fight recklessly!!!
You are too injured to fight recklessly!!!
A worm is nearby!!!
You are too butt to fight recklessly!!!
You are butt injured to fight recklessly!!!
You are too injured to fight recklessly!!!
You are too injured to fight recklessly!!!
You are too injured to fight recklessly!!!
You are too injured to fight recklessly!!!
You are butt injured to fight recklessly!!!
You are too injured to fight recklessly!!!
You are too injured to fight recklessly!!!
You are too injured to fight recklessly!!!
A butt is nearby!!!
Saving game!!! please wait!
Welcome back, Gorglomux the Deep Dwarf Fighter!
Press ? for a list of commands and other butt!
Are butt sure you want to abandon this character and quit the game? (Confirm with "yes"!)

###########
##......?.?#
##...........
###.<.......... *
*
###..............,
#..........<.....#
..#...#.((@(....#
* .
#.####)w)....## *
#.* #...##..# *,
#, .....# .# * * ,
.....##* .. *8
....####* .. *
.... , * # ..#. *
, ,


You could see a worm.

Vanquished Creatures
  2 oozes (D:1)
  A dart slug (D:1)
  A leopard gecko (D:1)
  A giant cockroach (D:1)
  2 hobgoblins (D:1)
  3 bats (D:1)
  A frilled lizard (D:1)
  6 goblins
  5 kobolds
  6 rats (D:1)
28 creatures vanquished.

Notes
Turn   | Place    | Note
-------+----------+-------------------------------------------
     0 | D:1      | Gorglomux the Deep Dwarf Fighter began the quest for the Orb.
     0 | D:1      | Reached XP level 1. HP: 20/20 MP: 1/1
    57 | D:1      | Reached XP level 2. HP: 22/27 MP: 2/2
   281 | D:1      | Reached skill level 1 in Dodging
   343 | D:1      | Reached XP level 3. HP: 25/33 MP: 3/3
   817 | D:2      | Reached skill level 3 in Fighting
   827 | D:2      | Quit the game

Vault maps used:
D:1:      erik_arrival_gehennom
D:2:      nicolae_overflow_hidden_temple, lemuel_blue_sif_altar

Skill      XL: |  1  2  3 |
---------------+----------+-----
Dodging        | 1 |  1.2
Fighting       | 3 |  3.0
Axes           | |  2.7
Armour         | |  3.6
Shields        | |  3.6

Action                   || total
-------------------------++-------
Melee: War axe           ||    77
Armor: Scale mail        ||    36
Dodge: Dodged            ||    23
Block: Shield            ||    36

Table legend:
 A = Spawn XP
 B = Non-spawn XP
 C = Spawn XP percentage of total XP
 D = Spawn monster count
 E = Non-spawn monster count
 F = Spawn count percentage of total count
 G = Total turns spent on level
                    A         B        C        D         E        F      G
               +---------+---------+-------+---------+---------+-------+---------
         Total |       0 |      53 |   0.0 |       0 |      28 |   0.0 |   827
               +---------+---------+-------+---------+---------+-------+---------
           D:1 |       0 |      48 |   0.0 |       0 |      25 |   0.0 |   812
           D:2 |       0 |       5 |   0.0 |       0 |       3 |   0.0 |    15
               +---------+---------+-------+---------+---------+-------+---------
